 Dungeon Crawl Stone Soup version 0.20.0 (webtiles) character file.

876 BarneyGumball the Insei (level 7, -3/52 HPs)
             Began as a Pale Draconian Transmuter on June 6, 2017.
             Slain by a gnoll sergeant
             ... wielding a +2 antimagic spear
              (11 damage)
             ... on level 5 of the Dungeon.
             The game lasted 00:19:51 (6387 turns).

BarneyGumball the Insei (Pale Draconian Transmuter) Turns: 6387, Time: 00:19:52

Health: -3/52      AC:  6    Str: 13    XL:     7   Next: 74%
Magic:  0/10       EV: 12    Int: 13    God:
Gold:   184        SH:  0    Dex: 13    Spells: 3/10 levels left

rFire    . . .     SeeInvis .     - Unarmed
rCold    . . .     Gourm    .   (no shield)
rNeg     . . .     Faith    .   (armour unavailable)
rPois    .         Spirit   .   (helmet restricted)
rElec    .         Reflect  .   (no cloak)
rCorr    .         Harm     .   (no gloves)
MR       .....                  (no boots)
Stlth    +.........             (no amulet)
Regen    0.2/turn               (no ring)
MPRegen  0.2/turn               (no ring)

@: short of breath, appendage, invisible
A: breathe steam, unfitting armour, horns 2, cold-blooded, AC +6
a: Breathe Steam, End Transformation


You were on level 5 of the Dungeon.
You were not hungry.
You had grown temporary horns.
You visited 1 branch of the dungeon, and saw 5 of its levels.

You collected 184 gold pieces.

Inventory:

Missiles
 a - 23 arrows
Wands
 r - a wand of polymorph (15/24)
Scrolls
 h - 5 scrolls of enchant armour
 i - 3 scrolls of remove curse
 o - a scroll of teleportation
 p - a scroll of identify
 q - a scroll of enchant weapon
Potions
 e - a potion of heal wounds
 g - a potion of degeneration
 j - a potion of mutation {unknown}
 k - a potion of berserk rage {unknown}
 m - a potion of brilliance {unknown}
 n - 2 potions of haste
Books
 b - a book of Changes

   Spells                             Type                      Level
   a - Beastly Appendage              Transmutation                1
   b - Sticks to Snakes               Transmutation                2
   c - Spider Form                    Transmutation/Poison         3
   d - Ice Form                       Ice/Transmutation            4
   e - Blade Hands                    Transmutation                5
Comestibles
 c - 6 bread rations
 d - 6 chunks of flesh


   Skills:
 - Level 1.1 Fighting
 - Level 1.7 Dodging
 - Level 6.0 Unarmed Combat
 - Level 2.0 Spellcasting
 * Level 5.9 Transmutations
 + Level 4.0 Ice Magic


You had 3 spell levels left.
You knew the following spells:

 Your Spells              Type           Power        Failure   Level  Hunger
a - Beastly Appendage     Tmut           ###...       2%          1    ##.....
b - Sticks to Snakes      Tmut           ###.....     3%          2    ###....
c - Ice Form              Ice/Tmut       ##......     32%         4    #####..


Dungeon Overview and Level Annotations

Branches:
Dungeon (5/15)
 Temple: D:4-7

Altars:
Hepliaklqana
Ru
Sif Muna

Shops:
D:5 :%

Annotations:
D:2 2 transporters
D:4 Sigmund
D:5 abeheron's ghost, novice MiBe


Innate Abilities, Weirdness & Mutations

You can breathe blasts of scalding, opaque steam.
Your pale cyan-grey scales are hard. (AC +6)
You cannot fit into any form of body armour.
You are cold-blooded and may be slowed by cold attacks.
You have a pair of horns on your head.


Message History

Your headbutt misses the gnoll sergeant.
The gnoll sergeant is severely wounded.
The gnoll sergeant barely misses you. The gnoll sergeant blocks your attack.
Your headbutt misses the gnoll sergeant.
The gnoll sergeant is severely wounded.
The gnoll sergeant hits you with an antimagic spear!
You feel your power leaking away.
You barely miss the gnoll sergeant. You headbutt the gnoll sergeant.
The gnoll sergeant is almost dead.
The gnoll sergeant hits you with an antimagic spear!
* * * LOW HITPOINT WARNING * * *
You hit the gnoll sergeant but do no damage.
The gnoll sergeant is almost dead.
The gnoll sergeant hits you with an antimagic spear.
* * * LOW HITPOINT WARNING * * *
Okay, then.
You fade into invisibility!
The gnoll sergeant hits you with an antimagic spear!
You die...

### ... #.# #.#
###### #g# ......
#@# # ######
#.####.###..# ...#
#....∩......# ##.#
#####..###.## #.#
##.# ##.## #.#
#...##### #.#
........########.#
#...###..........#


You could see a gnoll sergeant.

Vanquished Creatures
  The ghost of Guenter the Slasher, an amateur VSWn (D:4)
  2 ogres (D:5)
  A scorpion (D:5)
  A crimson imp (D:4)
  2 orc priests (D:3)
  A bullfrog skeleton (D:5)
  An iguana (D:5)
  An orc wizard (D:4)
  3 worker ants (D:4)
  A hound skeleton (D:4)
  4 adders
  5 gnolls
  A howler monkey skeleton (D:5)
  3 river rats (D:5)
  A shadow imp (D:5)
  3 oozes
  An adder skeleton (D:5)
  4 worms
  3 dart slugs (D:1)
  5 leopard geckos
  11 orcs
  5 bats
  6 giant cockroaches
  5 goblins
  5 hobgoblins
  4 jackals (D:5)
  9 kobolds
  3 quokkas (D:4)
  3 ball pythons
  9 frilled lizards
  A quokka skeleton (D:4)
  A quokka zombie (D:5)
  9 rats
115 creatures vanquished.

Vanquished Creatures (collateral kills)
  2 gnolls (D:5)
2 creatures vanquished.

Grand Total: 117 creatures vanquished

Notes
Turn   | Place    | Note
-------+----------+-------------------------------------------
     0 | D:1      | BarneyGumball the Draconian Transmuter began the quest for the Orb.
     0 | D:1      | Reached XP level 1. HP: 16/16 MP: 3/3
    97 | D:1      | Reached XP level 2. HP: 18/23 MP: 5/5
   293 | D:1      | Reached skill level 4 in Unarmed Combat
   542 | D:1      | Reached XP level 3. HP: 23/28 MP: 6/6
   970 | D:2      | Noticed a hippogriff
   972 | D:2      | Found a sacrificial altar of Ru.
  1312 | D:2      | Reached XP level 4. HP: 34/35 MP: 7/7
  1344 | D:2      | Found a deep blue altar of Sif Muna.
  1360 | D:2      | Reached skill level 5 in Unarmed Combat
  2189 | D:3      | Learned a level 2 spell: Sticks to Snakes
  2449 | D:3      | Reached XP level 5. HP: 38/40 MP: 4/8
  2465 | D:3      | Reached skill level 6 in Unarmed Combat
  2604 | D:3      | Learned a level 4 spell: Ice Form
  2634 | D:4      | You fall through a shaft!
  2634 | D:5      | Entered Level 5 of the Dungeon
  2669 | D:5      | Found a hazy altar of Hepliaklqana.
  2713 | D:4      | Noticed Guenter's ghost (amateur VSWn)
  2748 | D:4      | Killed Guenter's ghost
  2748 | D:4      | Reached skill level 1 in Ice Magic
  2748 | D:4      | Reached XP level 6. HP: 25/47 MP: 4/9
  3291 | D:4      | Noticed Sigmund
  4176 | D:4      | HP: 2/47 [poisoned by a worker ant]
  4800 | D:5      | Found Rep Nuph's Book Emporium.
  5190 | D:5      | Your scales start taking on a pale cyan-grey colour.
  5190 | D:5      | Reached XP level 7. HP: 36/52 MP: 8/10
  5365 | D:5      | Reached skill level 5 in Transmutations
  5423 | D:5      | Noticed abeheron's ghost (novice MiBe)
  6363 | D:5      | Found Kebaitzy's Food Shoppe.
  6387 | D:5      | Slain by a gnoll sergeant

Skill      XL: |  1  2  3  4  5  6  7 |
---------------+----------------------+-----
Unarmed Combat | 4 5 6 |  6.0
Transmutations | 3 4 5 |  5.9
Ice Magic      | 1 3 4 |  4.0
Fighting       | |  1.1
Dodging        | |  1.7
Spellcasting   | |  2.0

Action                   |  1- 3 |  4- 6 |  7- 9 || total
-------------------------+-------+-------+-------++-------
Melee: Unarmed           |   118 |   242 |    99 ||   459
       Tailslap          |     9 |    33 |    13 ||    55
       Kick              |       |    14 |     2 ||    16
       Headbutt          |       |     8 |     2 ||    10
       Punch             |       |     7 |     2 ||     9
 Cast: Beastly Appendage |       |    13 |     4 ||    17
       Sticks to Snakes  |       |    11 |     3 ||    14
 Abil: Breathe Steam     |       |       |     4 ||     4
  Use: Scroll            |       |     6 |       ||     6
       Potion            |       |     6 |     1 ||     7
 Stab: Sleeping          |     1 |     2 |       ||     3
       Distracted        |       |       |     1 ||     1
  Eat: Chunk             |     1 |     8 |     1 ||    10
       Meat ration       |       |     1 |     1 ||     2
       Royal jelly       |       |     1 |       ||     1
Armor: Skin              |    22 |    63 |    19 ||   104
Dodge: Dodged            |    54 |   137 |    53 ||   244
